 Dungeon Crawl Stone Soup version 0.32-a0-576-g706899e69d (webtiles) character file.

Game seed: 12180421426066616213

53 Mezerith the Shooter (level 4, -13/27 HPs)
             Began as a Kobold Hunter on Mar 1, 2024.
             Mangled by Crazy Yiuf
             ... wielding a +3 quarterstaff of chaos
              (15 damage)
             ... on level 2 of the Dungeon.
             The game lasted 00:07:16 (1204 turns).

Mezerith the Shooter (Kobold Hunter)                Turns: 1204, Time: 00:07:20

Health: -13/27     AC:  2    Str:  8    XL:     4   Next: 10%
Magic:  4/4        EV: 15    Int: 10    God:
Gold:   36         SH:  0    Dex: 20    Spells: 3/3 levels left

rFire   + . .        a - +1 shortbow {based}
rCold   + . .        (shield currently unavailable)
rNeg    . . .        f - +0 robe
rPois   +            (no helmet)
rElec   +            (no cloak)
rCorr   +            (no gloves)
SInv    .            (no boots)
Will    .....        (no amulet)
Stlth   ++           (no ring)
HPRegen 0.24/turn    (no ring)
MPRegen 0.09/turn

%: no passive effects
@: confused, lethally poisoned (-13 -> -23), resistant
A: small, no large weapons, nightstalker 3
a: no special abilities


You were on level 2 of the Dungeon.
You visited 1 branch of the dungeon, and saw 2 of its levels.

You collected 36 gold pieces.

Inventory:

Hand Weapons
 a - a +1 shortbow (weapon) {based}
 d - a +0 quarterstaff {average}
Missiles
 i - 3 boomerangs
Armour
 c - a +0 leather armour
 f - a +0 robe (worn)
Scrolls
 b - a scroll of butterflies
 e - a scroll of amnesia (quivered) {unknown}
Potions
 h - a potion of heal wounds {unknown}
 j - a potion of cancellation {unknown}
 k - a potion of haste {unknown}


   Skills:
 + Level 2.6 Fighting
 + Level 6.8 Ranged Weapons
 + Level 0.1 Armour
 + Level 2.6 Dodging
 + Level 1.3 Stealth


You had 3 spell levels left.
You didn't know any spells.
Your spell library contained the following spells:

 Spells                   Type           Power      Damage    Failure   Level
 Gell's Gravitas          Tloc           0%         N/A       75%         3
 Teleport Other           Tloc           0%         N/A       75%         3
 Dispersal                Tloc           0%         N/A       100%        6


Dungeon Overview and Level Annotations

Branches:
Dungeon (2/15)

Altars:

Annotations:
D:2 Crazy Yiuf


Innate Abilities, Weirdness & Mutations

You are small and have problems with some larger weapons.
You are completely attuned to the shadows.


Message History

You shoot an arrow. The arrow hits the adder!
You kill the adder!
You have reached level 4!
There is an open door here.
Found a runed translucent door.
Found a hammer.
As you open the door, it creaks loudly!
Crazy Yiuf shouts!
Fire: a) +1 shortbow {based}
Press: ? - help, Shift-Dir - straight line, f - Crazy Yiuf
Aim: Crazy Yiuf, wielding a +3 quarterstaff of chaos and wearing a +0 cloak (70% to hit)
You shoot an arrow. The arrow closely misses Crazy Yiuf.
Fire: a) +1 shortbow {based}
Press: ? - help, Shift-Dir - straight line, f/p - Crazy Yiuf
Aim: Crazy Yiuf, wielding a +3 quarterstaff of chaos and wearing a +0 cloak (70% to hit)
You shoot an arrow.
The arrow hits Crazy Yiuf but does no damage.
Crazy Yiuf yells, "Flower sing-song pizzabubble!"
Fire: a) +1 shortbow {based}
Press: ? - help, Shift-Dir - straight line, f/p - Crazy Yiuf
Aim: Crazy Yiuf, wielding a +3 quarterstaff of chaos and wearing a +0 cloak (70% to hit)
You shoot an arrow. The arrow closely misses Crazy Yiuf.
Crazy Yiuf hits you with a +3 quarterstaff of chaos!
You are confused.
You shoot an arrow.
Crazy Yiuf flaps his cloak.
Crazy Yiuf misses you.
You bump into the stone wall.
Crazy Yiuf hits you with a +3 quarterstaff of chaos!
Ouch! That really hurt!
* * * LOW HITPOINT WARNING * * *
You are lethally poisoned!
There is a lethal amount of poison in your body!
It was a potion of resistance.
You feel protected.
* * * LOW HITPOINT WARNING * * *
You feel very sick.
Crazy Yiuf whimpers, "Rifle ragdoll toodlewoodle!"
Crazy Yiuf hits you with a +3 quarterstaff of chaos!
Ouch! That really hurt!
You die...

#).*#
#...#
... #g#
#@##
##.#
#.##
##.#
##.##
##...#
#....#
#....#
##....#


You could see a boulder and Crazy Yiuf.

Vanquished Creatures
  An adder (D:2)
  A gnoll (D:1)
  2 dart slugs (D:1)
  3 endoplasms
  2 giant cockroaches (D:1)
  2 hobgoblins (D:1)
  3 kobolds (D:1)
  A ball python (D:1)
  6 bats (D:1)
  2 frilled lizards (D:1)
  4 goblins
  5 rats
32 creatures vanquished.

Notes
Turn   | Place    | Note
-------+----------+-------------------------------------------
     0 | D:1      | Mezerith the Kobold Hunter began the quest for the Orb.
     0 | D:1      | Reached XP level 1. HP: 12/12 MP: 1/1
   121 | D:1      | Reached XP level 2. HP: 6/17 MP: 2/2
   226 | D:1      | Reached skill level 6 in Ranged Weapons
   284 | D:1      | Reached XP level 3. HP: 21/21 MP: 3/3
   438 | D:1      | Found a faded altar of an unknown god.
  1167 | D:2      | Reached XP level 4. HP: 27/27 MP: 4/4
  1194 | D:2      | Found a runed translucent door.
  1197 | D:2      | Noticed Crazy Yiuf
  1204 | D:2      | Mangled by Crazy Yiuf

Illustrated notes

Levels and vault maps discovered:
D:1:      heliophobic_arrival_ceremonial_halls, layout_rooms,
          shapermc_ecumenical_altar_mp_urbaneastern, serial_bayou,
          serial_bayou_pond_c, serial_bayou_shore_a, serial_bayou_crossing,
          serial_bayou_shore_b, dk_noncrumbling_4, minmay_misc_feat_doors,
          chequers_serial_rivers_micro_a
D:2:      layout_basic, serial_glass, glass_columns_c, glass_columns_c,
          uniq_jessica, uniq_crazy_yiuf_cottage

Skill      XL: |  1  2 |
---------------+-------+-----
Ranged Weapons | 6 |  6.8
Fighting       | |  2.6
Armour         | |  0.1
Dodging        | |  2.6
Stealth        | |  1.3

Action                     |  1- 3 |  4- 6 || total
---------------------------+-------+-------++-------
   Fire: Shortbow          |    98 |     4 ||   102
    Use: Scroll            |     2 |       ||     2
         Potion            |       |     1 ||     1
 Armour: Leather armour    |    19 |       ||    19
         Robe              |     5 |     3 ||     8
  Dodge: Dodged            |    43 |     1 ||    44

Table legend: (Time is in decaauts)
 A = Elapsed time spent in this place.
 B = Non-inter-level travel time spent in this place.
 C = Inter-level travel time spent in this place.
 D = Time resting spent in this place.
 E = Time spent auto-exploring this place.
 F = Levels seen in this place.
 G = Mean time per level.
                   A        B        C        D        E       F      G
               +--------+--------+--------+--------+--------+-----+--------+
         Total |   1269 |   1269 |      0 |     47 |    765 |   2 |  634.5 |
       Dungeon |   1269 |   1269 |      0 |     47 |    765 |   2 |  634.5 |
               +--------+--------+--------+--------+--------+-----+--------+

Top non-repeatable levels by time:
     D:1: 1129 daAuts
     D:2: 140 daAuts
